AoeStats
← BetzeGunner

Arena

510182292Analyzed
2v2 RM · 24h ago on Sep 29, 2026· 18m 51s· 4 players
Game mode
Random Map
Map size
Medium (4 player)
Population
200
Speed
Normal
Resources
Standard
Victory
Conquest
Starting age
Dark Age
Ending age
Imperial Age
RankedLock teamsTeams togetherTeam positionsShared explorationLock speedFull tech treeHidden civsTurbo modeCheats
Victory
Defeat
🇧🇷 Vikings · Brazil
1000
+14
🇺🇸 Wu · United States
991
+14
🇩🇪 Armenians · Germany
946
-14
🇩🇪 Vietnamese · Germany
946
-14
papaploufdansleau
7:37 Loom
10:46 Feudal Age
12:26 Town Watch
14:59 Castle Age
14:39 Double-Bit Axe
14:47 Loom
15:09 Horse Collar
BetzeGunner
2:13 Loom
12:27 Feudal Age
17:43 Castle Age
AndySM2193
10:43 Feudal Age
15:22 Castle Age
14:27 Double-Bit Axe
GQ0000
11:25 Feudal Age
15:39 Castle Age
14:23 Horse Collar
15:03 Double-Bit Axe
16:29 Loom
18:09 Man-at-Arms
Connection lost

Rejoining the realm…

Still unreachable

The connection could not be restored.

Session expired

The server has moved on; the page needs a fresh start.